 Dungeon Crawl Stone Soup version 0.28-a0-998-gb9e9c7b67e (webtiles) character file.

Game seed: 15030212535859357652

62 vurker the Gusty (level 3, 15/15 HPs)
             Began as a Felid Air Elementalist on Dec 5, 2021.
             Quit the game on level 3 of the Dungeon.
             The game lasted 00:02:00 (2904 turns).

vurker the Gusty (Felid Air Elementalist)           Turns: 2904, Time: 00:02:01

Health: 15/15      AC:  1    Str:  4    XL:     3   Next: 85%
Magic:  8/8        EV: 17    Int: 18    God:
Gold:   106        SH:  0    Dex: 16    Spells: 7/8 levels left
                                        Lives:  0   Deaths: 1

rFire   . . .      SeeInvis +   (weapon unavailable)
rCold   . . .      Faith    .   (shield unavailable)
rNeg    . . .      Spirit   .   (armour unavailable)
rPois   .          Reflect  .   (helmet unavailable)
rElec   .          Harm     .   (cloak unavailable)
rCorr   .          Rampage  .   (gloves unavailable)
Will    .....                   (boots unavailable)
Stlth   ++........              (no amulet)
HPRegen 0.05/turn               (no ring)
MPRegen 0.11/turn               (no ring)

@: quick
A: very small, claws 1, fangs 3, see invisible, speed 1, shaggy fur 1, stealthy
paws, no weapons or thrown items, no armour, multi-lived
a: no special abilities


You were on level 3 of the Dungeon.
You visited 1 branch of the dungeon, and saw 3 of its levels.

You collected 106 gold pieces.

Inventory:

Scrolls
 c - a scroll of torment {unknown}
 e - 3 scrolls of identify {unknown}
Potions
 a - 3 potions of curing {unknown}
 b - a potion of attraction {unknown}
 d - 2 potions of heal wounds {unknown}


   Skills:
 + Level 1.5 Fighting
 - Level 2.6 Dodging
 - Level 2.6 Stealth
 * Level 3.1 Spellcasting
 + Level 1.9 Conjurations
 * Level 3.6 Air Magic


You had 7 spell levels left.
You knew the following spells:

 Your Spells              Type           Power      Damage    Failure   Level
a - Shock                 Conj/Air       48%        1d6       4%          1

Your spell library contained the following spells:

 Spells                   Type           Power      Damage    Failure   Level
 Static Discharge         Conj/Air       12%        N/A       8%          2
 Swiftness                Air            15%        N/A       11%         3
 Sting                    Tmut/Pois      8%         1d3       16%         1
 Airstrike                Air            7%         N/A       34%         4


Dungeon Overview and Level Annotations

Branches:
Dungeon (3/15)

Altars:
Uskayaw

Shops:
D:1 [


Innate Abilities, Weirdness & Mutations

You have sharp claws.
You have razor-sharp teeth.
You have supernaturally acute eyesight. (SInv)
You cover ground quickly. (Speed+)
You are covered in fur. (AC +1)
Your paws help you pounce on unaware monsters.
You are incapable of wielding weapons or throwing items.
You cannot wear armour.
You gain extra lives every three experience levels.


Message History

An orc wizard is nearby!
Aim: an orc wizard, wielding a +3 dagger of venom and wearing a +0 robe (wandering, hasn't noticed you, 60% to hit)
The zap hits the orc wizard.
The orc wizard shouts!
Aim: an orc wizard, wielding a +3 dagger of venom and wearing a +0 robe (lightly wounded, 60% to hit)
The zap hits the orc wizard but does no damage.
The orc wizard gestures wildly while chanting.
The orc wizard flickers and vanishes for a moment.
Aim: an orc wizard, wielding a +3 dagger of venom and wearing a +0 robe (lightly wounded, slightly transparent, 60% to hit)
The zap misses the orc wizard.
The orc wizard casts a spell at you. The magic dart hits you!
Aim: an orc wizard, wielding a +3 dagger of venom and wearing a +0 robe (lightly wounded, slightly transparent, 60% to hit)
The zap hits the orc wizard.
The orc wizard gestures at you while chanting.
You resist with some effort.
Aim: an orc wizard, wielding a +3 dagger of venom and wearing a +0 robe (moderately wounded, slightly transparent, 60% to hit)
The zap hits the orc wizard. x2
The orc wizard shouts!
The orc wizard gestures wildly while chanting.
The orc wizard flickers and vanishes for a moment.
Aim: an orc wizard, wielding a +3 dagger of venom and wearing a +0 robe (heavily wounded, slightly transparent, 60% to hit)
The zap hits the orc wizard.
The zap misses the orc wizard.
Aim: an orc wizard, wielding a +3 dagger of venom and wearing a +0 robe (heavily wounded, slightly transparent, 60% to hit)
The zap misses the orc wizard. x2
Aim: an orc wizard, wielding a +3 dagger of venom and wearing a +0 robe (heavily wounded, slightly transparent, 60% to hit)
The zap hits the orc wizard but does no damage.
The zap misses the orc wizard.
Aim: an orc wizard, wielding a +3 dagger of venom and wearing a +0 robe (heavily wounded, slightly transparent, 60% to hit)
The zap misses the orc wizard.
The zap hits the orc wizard.
Aim: an orc wizard, wielding a +3 dagger of venom and wearing a +0 robe (heavily wounded, slightly transparent, 60% to hit)
The zap hits the orc wizard. x2
The orc wizard gestures at you while chanting.
You are confused.
You bump into the rock wall.
The orc wizard gestures at you while chanting.
You resist with some effort.
You bump into the rock wall.
The orc wizard barely misses you.
You closely miss the orc wizard.
The orc wizard hits you with a +3 dagger of venom.
* * * LOW HITPOINT WARNING * * *
You are lethally poisoned!
* * * LOW HITPOINT WARNING * * *
You feel sick.
The orc wizard points at you and mumbles some strange words.
The puff of flame hits you!
Ouch! That really hurt!
You die...
You are now level 3!
You rejoin the land of the living...

#)........ .......'.....#
###†#################.....#
###.oo####.........#........####
#........#.######.##..#.........
#.#.#...................#'#.....
# #......#...###......#.#.#.....
#..[..................#.#.....
#..........##..####.###.##(...
####.#..#.......@...##.#
#.##....
#....#.##....#.####.##.#
#.##....
#...o#...............#.#
####....
#....#.........###...#.# #....
.....#o####....# #...#.# #....
##.#...........# #...#.# #....
.<..##.####...## #...#.# #####
........#.....# #...#.#
.....#..#.##..# ....#.#


There were no monsters in sight!

Vanquished Creatures
  An orc priest (D:3)
  A hound (D:3)
  2 adders
  A worm (D:2)
  A dart slug (D:1)
  An orc (D:3)
  3 ball pythons
  3 endoplasms
  A goblin (D:1)
  3 hobgoblins
  7 jackals (D:1)
  8 kobolds
  3 quokkas
  A frilled lizard (D:1)
  5 rats
41 creatures vanquished.

Vanquished Creatures (others)
  A fungus (D:1)
  2 plants (D:1)
3 creatures vanquished.

Grand Total: 44 creatures vanquished

Notes
Turn   | Place    | Note
-------+----------+-------------------------------------------
     0 | D:1      | vurker the Felid Air Elementalist began the quest for the
                  | Orb.
     0 | D:1      | Reached XP level 1. HP: 7/7 MP: 4/4
    72 | D:1      | Reached skill level 1 in Conjurations
   265 | D:1      | Reached XP level 2. HP: 11/12 MP: 1/6
   634 | D:1      | Found a faded altar of an unknown god.
   643 | D:1      | Got Plato's Tome of Shape Shifting
   695 | D:1      | Found Vaogimiz's Antique Armour Emporium.
   872 | D:1      | Reached XP level 3. HP: 15/15 MP: 3/7
  1848 | D:2      | Reached skill level 1 in Fighting
  2291 | D:3      | Reached XP level 4. HP: 16/19 MP: 2/9
  2813 | D:3      | Found a hide-covered altar of Uskayaw.
  2903 | D:3      | Killed from afar by an orc wizard
  2904 | D:3      | Reached XP level 3. HP: -5/15 MP: 0/8
  2904 | D:3      | Quit the game

Illustrated notes

Levels and vault maps discovered:
D:1:      eino_arrival_cavern_d, layout_basic, serial_shops, shop,
          shapermc_ecumenical_altar_rom_forum
D:2:      layout_loops_ring, minmay_statues_item, hangedman_feature_mirror,
          minmay_misc_feat_square, kennysheep_generic_room_5
D:3:      layout_basic, overflow_temple_1_default, uniq_jessica

Skill      XL: |  1  2  3  4 |
---------------+-------------+-----
Conjurations   | 1 |  1.9
Air Magic      | 3 |  3.6
Fighting       | 1 |  1.5
Spellcasting   | 3 |  3.1
Dodging        | |  2.6
Stealth        | |  2.6

Action                   |  1- 3 |  4- 6 || total
-------------------------+-------+-------++-------
Melee: Unarmed           |    13 |     1 ||    14
       Bite              |     2 |       ||     2
 Cast: Shock             |    77 |    31 ||   108
Dodge: Dodged            |    19 |     1 ||    20

Table legend: (Time is in decaauts)
 A = Elapsed time spent in this place.
 B = Non-inter-level travel time spent in this place.
 C = Inter-level travel time spent in this place.
 D = Time resting spent in this place.
 E = Time spent auto-exploring this place.
 F = Levels seen in this place.
 G = Mean time per level.
                   A        B        C        D        E       F      G
               +--------+--------+--------+--------+--------+-----+--------+
         Total |   2599 |   2551 |     48 |     90 |   2206 |   3 |  866.3 |
       Dungeon |   2599 |   2551 |     48 |     90 |   2206 |   3 |  866.3 |
               +--------+--------+--------+--------+--------+-----+--------+

Top non-repeatable levels by time:
     D:2: 1133 daAuts
     D:1: 1000 daAuts
     D:3: 465 daAuts
